AoeStats
← gob b

Arabia

504346443Analyzed
4v4 RM · 27d ago on Sep 5, 2026· 14m 57s· 8 players
Game mode
Random Map
Map size
Large (8 player)
Population
200
Speed
Normal
Resources
Standard
Victory
Conquest
Starting age
Dark Age
Ending age
Imperial Age
RankedLock teamsTeams togetherTeam positionsShared explorationLock speedFull tech treeHidden civsTurbo modeCheats
Victory
Defeat
🇺🇸 Teutons · United States
1235
+13
🇯🇵 Britons · Japan
1203
+14
🇮🇳 Khmer · India
1161
+16
🇹🇷 Koreans · Türkiye
1156
+16
🇦🇷 Ethiopians · Argentina
1251
-18
🇨🇱 Lithuanians · Chile
1229
-18
🇦🇺 Mongols · Australia
1097
-12
🇪🇸 Goths · Spain
1076
-11
Sun Tzu
7:00 Loom
10:06 Feudal Age
14:47 Horse Collar
sada-aki
5:49 Loom
8:20 Feudal Age
8:48 Double-Bit Axe
11:38 Fletching
logibll777
6:35 Loom
13:08 Feudal Age
gob b
7:39 Loom
12:22 Feudal Age
13:14 Double-Bit Axe
15:33 Castle Age
13:34 Horse Collar
13:45 Gold Mining
Rastal89
2:22 Loom
10:34 Feudal Age
11:51 Double-Bit Axe
13:00 Fletching
JC_Guzmán
9:42 Feudal Age
11:56 Bloodlines
13:16 Scale Barding Armor
15:14 Horse Collar
StandingTall
3:24 Loom
10:45 Feudal Age
14:56 Horse Collar
Klingon86
7:52 Loom
9:37 Feudal Age
10:36 Double-Bit Axe
12:15 Horse Collar
Connection lost

Rejoining the realm…

Still unreachable

The connection could not be restored.

Session expired

The server has moved on; the page needs a fresh start.